 Dungeon Crawl Stone Soup version 0.28.0-53-g5a82cb258f (webtiles) character file.

Game seed: 7877036745516387944

22531 cbfl8 the Severer (level 12, -8/113 HPs)
             Began as a Minotaur Berserker on Aug 5, 2022.
             Was an Elder of Trog.
             Mangled by a skeletal warrior
             ... wielding a +5 battleaxe
             ... led by a skeletal warrior
              (21 damage)
             ... on level 13 of the Dungeon.
             The game lasted 00:34:59 (19127 turns).

cbfl8 the Severer (Minotaur Berserker)             Turns: 19127, Time: 00:35:00

Health: -8/113     AC: 18    Str: 23    XL:     12   Next: 63%
Magic:  11/11      EV:  9    Int:  7    God:    Trog [****..]
Gold:   774        SH:  5    Dex: 14    Spells: 11/11 levels left

rFire   + . .      SeeInvis .   H - +0 battleaxe
rCold   + + .      Faith    .   (shield currently unavailable)
rNeg    . . .      Spirit   .   n - +1 plate armour of Guost {Int+3}
rPois   +          Reflect  +   (helmet restricted)
rElec   +          Harm     .   m - +0 cloak {rPois}
rCorr   +          Rampage  .   (no gloves)
Will    .....                   (no boots)
Stlth   ..........              d - amulet of reflection
HPRegen 0.28/turn               j - ring of protection from fire
MPRegen 0.12/turn               I - ring of ice

@: lethally poisoned (-8 -> -10), resistant, on berserk cooldown, slowed, very
slow
A: horns 2, retaliatory headbutt
a: Renounce Religion, Berserk, Trog's Hand, Brothers in Arms


You were on level 13 of the Dungeon.
You worshipped Trog.
Trog was greatly pleased with you.
You visited 1 branch of the dungeon, and saw 13 of its levels.
You also visited: Ossuary.

You collected 822 gold pieces.
You spent 48 gold pieces at shops.

Inventory:

Hand Weapons
 l - a +1 vorpal hand axe
 H - a +0 battleaxe (weapon)
Armour
 m - a +0 cloak of poison resistance (worn)
 n - the +1 plate armour of Guost (worn) {Int+3}
   (You found it on level 2 of the Dungeon)

   Int:       It affects your intelligence (+3).
Jewellery
 d - an amulet of reflection (around neck)
 j - a ring of protection from fire (left hand)
 C - a ring of poison resistance
 I - a ring of ice (right hand)
 O - a ring of willpower
Wands
 b - a wand of flame (10) (quivered)
 z - a wand of polymorph (7)
 F - a wand of iceblast (5)
 M - a wand of acid (3)
Scrolls
 a - a scroll of torment {unknown}
 e - a scroll of brand weapon {unknown}
 i - 5 scrolls of magic mapping
 u - 4 scrolls of enchant weapon
 x - 6 scrolls of enchant armour
 y - a scroll of fog
 B - 5 scrolls of immolation
 D - a scroll of silence
 K - a scroll of noise {unknown}
 N - a scroll of identify
Potions
 c - a potion of resistance
 f - a potion of flight {unknown}
 g - 2 potions of lignification {unknown}
 k - 4 potions of attraction
 o - a potion of cancellation {unknown}
 r - a potion of berserk rage {unknown}
 s - 2 potions of magic {unknown}
 t - 2 potions of brilliance {unknown}
 w - a potion of mutation {unknown}
 A - a potion of ambrosia
 G - a potion of haste
 L - a potion of invisibility {unknown}


   Skills:
 * Level 12.7 Fighting
 + Level 17.3 Axes
 + Level 12.4 Armour
 * Level 4.4 Dodging
 + Level 1.7 Stealth
 + Level 3.9 Shields
 + Level 0.6 Unarmed Combat
 * Level 2.7 Evocations


You had 11 spell levels left.
You didn't know any spells.
Your spell library was empty.

Dungeon Overview and Level Annotations

Branches:
Dungeon (13/15)            Temple (0/1) D:6            Lair (0/6) D:9
    Orc (0/2) D:10        Ossuary (visited)
 Vaults: D:13-14

Altars:
Dithmenos
Fedhas
Gozag
Makhleb
Nemelex Xobeh
Ru
Sif Muna
Xom
Zin
The Shining One
Beogh

Shops:
D:5 *   D:8 *(

Annotations:
D:9 4 exclusions
D:13 1 runed translucent door


Innate Abilities, Weirdness & Mutations

You have a pair of horns on your head.
You reflexively headbutt those who attack you in melee.


Message History

Unknown command.
Unknown command.
You are too injured to fight recklessly!
Unknown command.
You are too injured to fight recklessly!
Unknown command.
You are too injured to fight recklessly!
You are too berserk!
You completely miss the skeletal warrior.
The skeletal warrior is moderately damaged.
You feel sick.
You slash the skeletal warrior! You headbutt the skeletal warrior!
The skeletal warrior is severely damaged.
You feel sick.
The skeletal warrior hits you from afar with a +1 halberd of venom!
You block the skeletal warrior's attack.
You hit the skeletal warrior but do no damage.
The skeletal warrior is severely damaged.
You feel sick.
You completely miss the skeletal warrior.
Your headbutt misses the skeletal warrior.
The skeletal warrior is severely damaged.
You feel sick.
You block the skeletal warrior's attack.
The skeletal warrior hits you with a +5 battleaxe!
You completely miss the skeletal warrior.
The skeletal warrior is severely damaged.
You are no longer berserk.
You are exhausted.
You feel yourself slow down.
The skeletal warrior hits you from afar with a +1 halberd of venom!
* * * LOW HITPOINT WARNING * * *
The skeletal warrior hits you with a +5 battleaxe!
* * * LOW HITPOINT WARNING * * *
Okay, then.
Okay, then.
You feel protected.
You feel sick.
The skeletal warrior hits you with a +5 battleaxe!!
You die...

##..# #.).##.#...#######.......#
#..## #...##.##................#
#.######......##..#######..####..
......##......##........#.## #..
#####..#.(.#.###.######...### #..
# ##..[))....[?# #......###.. #
#####.(.#.##[.# #.####...)..
###......##.##.z####..# #####..
#...####.....).@.....# #..
####.....#####.<.z..#### #..
##.##.## ##.###.>...## #..
####..##.# #..# ###....### #..
#......#.# ##..# ##.....## ###
.........# #..)# ##.....# #
......)..# ##...# ####### #
.........###..### #
.........##...# .


You could see 2 skeletal warriors.

Vanquished Creatures
  2 boulder beetles
  Erolcha (D:12)
  A hydra (D:13)
  A centaur warrior (D:13)
  A two-headed ogre (D:11)
  7 skeletal warriors
  2 ugly things
  A cyclops (D:11)
  2 manticores
  A gargoyle (D:11)
  Maurice (D:12)
  An unseen horror (D:11)
  An unseen horror (shapeshifter) (D:13)
  3 kobold demonologists (D:13)
  An efreet (D:12)
  3 meliai (D:13)
  3 trolls (D:12)
  A hornet (D:9)
  7 slime creatures
  A wraith (D:12)
  A shadow (D:10)
  A vampire (D:10)
  Sigmund (D:2)
  A wyvern (D:9)
  15 yaks
  Eustachio (D:4)
  4 steam dragons
  4 vampire mosquitoes (D:12)
  A water moccasin (D:8)
  2 orc warriors
  6 sky beasts
  An ice beast (D:6)
  2 ogres
  5 centaurs
  8 kobold brigands
  A bullfrog (D:7)
  4 water moccasin zombies
  A scorpion (D:6)
  A wyvern skeleton (D:5)
  4 killer bees (D:8)
  2 jellies (D:5)
  An electric eel (D:11)
  4 howler monkeys
  4 centaur zombies
  4 orc priests
  2 hounds
  Crazy Yiuf (D:4)
  A gnoll shaman (D:9)
  2 iguanas
  Ijyb (D:5)
  Natasha (twice) (D:4)
  Terence (D:2)
  10 orc wizards
  2 killer bee zombies
  2 mummies (Ossuary)
  8 gnolls
  4 adders
  7 adder zombies (Ossuary)
  3 dart slugs
  24 orcs
  4 endoplasms
  3 giant cockroaches
  3 gnoll zombies (Ossuary)
  6 goblins
  8 hobgoblins
  6 jackals
  7 quokkas
  6 ball pythons
  2 bats
  3 frilled lizards
  5 hobgoblin zombies (Ossuary)
  19 kobolds
  3 kobold zombies (Ossuary)
  3 orc zombies (Ossuary)
  7 rats
275 creatures vanquished.

Notes
Turn   | Place    | Note
-------+----------+-------------------------------------------
     0 | D:1      | cbfl8 the Minotaur Berserker began the quest for the Orb.
     0 | D:1      | Reached XP level 1. HP: 19/19 MP: 0/0
   399 | D:1      | Reached XP level 2. HP: 24/27 MP: 1/1
   555 | D:1      | Reached skill level 4 in Axes
   929 | D:1      | Found a faded altar of an unknown god.
  1150 | D:1      | Reached ** piety under Trog
  1151 | D:1      | Reached XP level 3. HP: 22/33 MP: 2/2
  2015 | D:2      | Noticed Terence
  2033 | D:2      | Killed Terence
  2034 | D:2      | Reached XP level 4. HP: 15/41 MP: 3/3
  2374 | D:2      | Noticed Sigmund
  2385 | D:2      | Killed Sigmund
  2386 | D:2      | Reached skill level 6 in Axes
  2386 | D:2      | Reached skill level 1 in Stealth
  2386 | D:2      | Reached XP level 5. HP: 47/47 MP: 4/4
  2653 | D:2      | Identified the +1 plate armour of Guost {Int+3}
  2918 | D:3      | Found a shimmering altar of Xom.
  2923 | D:3      | Found a sparkling altar of Nemelex Xobeh.
  2928 | D:3      | Found a burning altar of Makhleb.
  3035 | D:3      | Reached XP level 6. HP: 51/54 MP: 5/5
  3186 | D:3      | Found a shadowy altar of Dithmenos.
  3337 | D:3      | You fall into a shaft and drop 3 floors!
  3416 | D:6      | Noticed a sky beast
  3426 | D:6      | Killed a sky beast
  3427 | D:6      | Reached skill level 5 in Fighting
  3427 | D:6      | Reached skill level 7 in Axes
  3742 | D:5      | Entered Level 5 of the Dungeon
  3742 | D:5      | Noticed a sky beast
  3749 | D:5      | Killed a sky beast
  3750 | D:5      | Reached XP level 7. HP: 61/61 MP: 6/6
  3790 | D:5      | Reached skill level 8 in Axes
  4317 | D:4      | Noticed Eustachio
  4323 | D:4      | Killed Eustachio
  4324 | D:4      | Reached skill level 9 in Axes
  4324 | D:4      | Reached skill level 5 in Armour
  4365 | D:4      | Found a sand-covered staircase.
  4370 | Ossuary  | Entered an ossuary
  4497 | Ossuary  | Reached XP level 8. HP: 59/70 MP: 7/7
  4563 | Ossuary  | Reached *** piety under Trog
  5142 | D:4      | Found a runed translucent door.
  5143 | D:4      | Noticed Crazy Yiuf
  5586 | D:4      | Noticed Natasha
  5589 | D:4      | Killed Natasha
  5729 | D:4      | Noticed Natasha
  5738 | D:4      | Killed Natasha
  5789 | D:4      | Killed Crazy Yiuf
  5795 | D:4      | Identified the +10 mace of Moafu {holy, rF+}
  5843 | D:5      | Noticed Ijyb
  5861 | D:5      | Killed Ijyb
  5977 | D:5      | Found Ajaogiad's General Store.
  5992 | D:5      | Bought a scroll of identify for 24 gold pieces
  5992 | D:5      | Bought a scroll of identify for 24 gold pieces
  7261 | D:6      | Found a staircase to the Ecumenical Temple.
  7306 | D:6      | Reached skill level 10 in Axes
  7941 | D:7      | Reached XP level 9. HP: 73/79 MP: 8/8
  8236 | D:7      | Found a shimmering blue altar of Sif Muna.
  8517 | D:8      | Reached skill level 11 in Axes
  8558 | D:8      | Found a glowing golden altar of the Shining One.
  8558 | D:8      | Found an opulent altar of Gozag.
  8598 | D:8      | Found Hiureipp's Antique Weapon Shop.
  8649 | D:8      | Reached skill level 12 in Axes
  8653 | D:8      | Reached **** piety under Trog
  8893 | D:8      | Found a blossoming altar of Fedhas.
  9250 | D:8      | Found Zin's Purification Station.
  9255 | D:8      | Found a glowing silver altar of Zin.
  9496 | D:9      | Reached skill level 1 in Shields
  9508 | D:9      | Found a staircase to the Lair.
  9694 | D:9      | Reached XP level 10. HP: 53/90 MP: 9/9
  9931 | D:9      | Found a sacrificial altar of Ru.
 10280 | D:9      | Noticed a deep elf zephyrmancer
 10280 | D:9      | Noticed an orc sorcerer
 10404 | D:10     | Entered Level 10 of the Dungeon
 10415 | D:10     | Reached skill level 13 in Axes
 10710 | D:10     | Found a staircase to the Orcish Mines.
 11105 | D:10     | Reached skill level 14 in Axes
 12867 | D:11     | Noticed a gargoyle
 12873 | D:11     | Killed a gargoyle
 12878 | D:11     | Noticed a two-headed ogre
 12882 | D:11     | Killed a two-headed ogre
 13037 | D:11     | Noticed a cyclops
 13045 | D:11     | Killed a cyclops
 13046 | D:11     | Reached skill level 15 in Axes
 13046 | D:11     | Reached skill level 10 in Armour
 13046 | D:11     | Reached XP level 11. HP: 99/99 MP: 10/10
 13371 | D:12     | Noticed a boulder beetle
 13420 | D:12     | Noticed a purple ugly thing
 13429 | D:12     | Killed a purple ugly thing
 13561 | D:12     | Noticed Maurice
 13572 | D:12     | Killed Maurice
 13573 | D:12     | Reached skill level 10 in Fighting
 14141 | D:12     | Killed a boulder beetle
 14142 | D:12     | Reached skill level 1 in Evocations
 14421 | D:12     | Noticed Erolcha
 15022 | D:12     | Killed Erolcha
 15023 | D:12     | Reached skill level 16 in Axes
 16053 | D:13     | Identified the +8 long sword of Oenomania {pain, rC+ rCorr
                  | Dex-4}
 16444 | D:13     | Noticed a boulder beetle
 16474 | D:13     | Killed a boulder beetle
 16475 | D:13     | Reached XP level 12. HP: 73/111 MP: 11/11
 16729 | D:13     | Noticed a four-headed hydra
 16918 | D:13     | Killed an 11-headed hydra
 17334 | D:13     | Reached skill level 17 in Axes
 17737 | D:13     | Found a runed translucent door.
 17766 | D:13     | Noticed a centaur warrior
 17767 | D:13     | Noticed a boulder beetle
 18851 | D:13     | Killed a centaur warrior
 19127 | D:13     | Mangled by a skeletal warrior

Illustrated notes

Levels and vault maps discovered:
D:1:      dpeg_arrival_short_road, layout_basic,
          shapermc_ecumenical_altar_mp_highgroup
D:2:      layout_loops_ring, uniq_terence, uniq_sigmund
D:3:      layout_rooms, mainiacjoe_overflow_brackets, minitemple,
          patterned_corridor
D:4:      layout_basic, nicolae_ossuary_entry_plus, minmay_misc_feat_room,
          uniq_natasha, uniq_crazy_yiuf_cottage, uniq_eustachio
D:5:      kb_forest_paths, layout_loops_corners, serial_shops, shop,
          chequers_serial_rivers_micro_d, uniq_ijyb
D:6:      layout_basic, minmay_temple_entry_slanted
D:7:      layout_cave_pools, tgw_sif
D:8:      layout_loops_cross, nicolae_overflow_crystal_walls, zin_purify,
          mainiacjoe_overflow_divided_tiny, serial_shops,
          nicolae_shop_competitors_out_of_business
D:9:      minmay_the_grid_plus_closed [minmay_the_grid_tri_star,
          minmay_the_grid_aliased_spiral, minmay_the_grid_slots,
          minmay_the_grid_eight, minmay_the_grid_prize_four_corners_diamond_b],
          layout_loops_ring, marbit_many_paths, lair_entry_dummy, uniq_joseph
D:10:     layout_basic, minmay_orc_entry_temple_small
D:11:     layout_stronghold, minivault_14, hive_lemuel
D:12:     layout_gridville, hangedman_misty_isle, uniq_erolcha, uniq_maurice
D:13:     layout_rooms, serial_curves, eino_curves_02, eino_curves_04,
          lightli_church_of_beogh

Skill      XL: |  1  2  3  4  5  6  7  8  9 10 11 12 |
---------------+-------------------------------------+-----
Axes           | 4 6 7 9 10 12 15 16 17 | 17.3
Fighting       | 4 5 7 8 9 11 12 | 12.7
Armour         | 3 4 5 7 8 10 11 12 | 12.4
Stealth        | 1 |  1.7
Dodging        | 3 4 |  4.4
Shields        | 1 2 3 |  3.9
Evocations     | 1 2 |  2.7
Unarmed Combat | |  0.6

Action                   |  1- 3 |  4- 6 |  7- 9 | 10-12 || total
-------------------------+-------+-------+-------+-------++-------
Melee: Hand axe          |    72 |    17 |   101 |    53 ||   243
       Headbutt          |    10 |     9 |    74 |    84 ||   177
       Punch             |     2 |       |     6 |       ||     8
       War axe           |       |    50 |   218 |       ||   268
       Unarmed           |       |       |    10 |       ||    10
       Battleaxe         |       |       |       |   364 ||   364
Invok: Berserk           |     1 |     4 |     3 |    20 ||    28
Evoke: Wand              |       |       |       |    16 ||    16
  Use: Scroll            |       |       |     8 |    13 ||    21
       Potion            |       |       |       |    16 ||    16
Armor: Animal skin       |    12 |       |       |       ||    12
       Plate armour      |    10 |    39 |   183 |   239 ||   471
Dodge: Dodged            |    40 |    24 |   110 |   127 ||   301
Block: Other             |       |       |    13 |    84 ||    97
       Reflection        |       |       |       |    10 ||    10
